Rock Island Raccoons vs Sarnia Sailors
Created - Friday, October 13, 2023 at 07:21
Goals
|
| Rock Island Raccoons |
1 |
2 |
3 |
6 |
| Sarnia Sailors |
1 |
3 |
1 |
5 |
|
Shots
|
| Rock Island Raccoons |
8 |
13 |
14 |
35 |
| Sarnia Sailors |
10 |
16 |
15 |
41 |
|
1st period
1. Rock Island Raccoons , Tuukka Tieksola 5 (Andrew Ladd 8, Jan Mysak 5) at 4:21
2. Sarnia Sailors , Keegan Kolesar 23 (Adam Ginning 7, Vasily Podkolzin 18) at 18:17
Penalties :
Logan Stanley (RIR) for High sticking (Minor) at 8:31, Keegan Kolesar (SAR) for High sticking (Minor) at 11:12
2nd period
3. Sarnia Sailors , Keegan Kolesar 24 (Vasily Podkolzin 19, Kevin Stenlund 17) at 2:53
4. Rock Island Raccoons , Jujhar Khaira 14 (Craig Smith 18, Eric Robinson 9) at 8:29 (PP)
5. Rock Island Raccoons , Tuukka Tieksola 6 (Guillaume Brisebois 4, Jan Mysak 6) at 15:43
6. Sarnia Sailors , Keegan Kolesar 25 (Declan Chisholm 6, Kevin Stenlund 18) at 18:03
7. Sarnia Sailors , Tristen Nielsen 11 (Jamie Drysdale 15) at 18:54
Penalties :
Jamie Drysdale (SAR) for Holding (Minor) at 4:39, Jamie Drysdale (SAR) for High sticking (Minor) at 8:01, Robert Hamilton (SAR) for Tripping (Minor) at 8:15, Kyle Burroughs (RIR) for Hooking (Minor) at 9:05, Zach Uens (SAR) for Holding (Minor) at 12:36
3rd period
8. Sarnia Sailors , Jesse Puljujarvi 22 (Brad Lambert 8) at 2:51 (PP)
9. Rock Island Raccoons , Martin Chromiak 10 (Alex Barre-Boulet 18, Vinni Lettieri 18) at 15:47 (PP)
10. Rock Island Raccoons , Jujhar Khaira 15 (Eric Robinson 10) at 16:58 (PP)
11. Rock Island Raccoons , Brendan Smith 2 (Eric Robinson 11, Craig Smith 19) at 18:41 (PP)
Penalties :
Craig Smith (RIR) for Interference (Minor) at 1:42, Keegan Kolesar (SAR) for Fighting (Major) at 3:04, Kyle Burroughs (RIR) for Fighting (Major) at 3:04, Adam Ginning (SAR) for Delaying the game (Minor) at 4:06, Laurent Dauphin (SAR) for Tripping (Minor) at 15:36, Kevin Stenlund (SAR) for Hooking (Minor) at 16:53, Tristen Nielsen (SAR) for Charging (Minor) at 18:04
Goalie Stats
Craig Anderson (RIR), 36 saves from 41 shots - (0.878), W, 18-7-2, 60:00 minutes
Remi Poirier (SAR), 29 saves from 35 shots - (0.829), L, 4-5-0, 59:21 minutes
Players Stats for Rock Island Raccoons
Player Name G A P +/- PIM S H SB GA TA FO MP PP MP PK MP
------------------------------------------------------------------------------------
Alex Barre-Boulet 0 1 1 0 0 4 2 0 0 0 0/2 19:57 4:40 2:26
Andrew Ladd 0 1 1 1 0 3 1 2 0 0 0/0 14:06 0:17 0:00
Brendan Smith 1 0 1 0 0 4 4 4 0 5 0/0 28:42 4:52 1:55
Carl Hagelin 0 0 0 0 0 1 0 1 0 0 0/1 7:23 0:00 0:40
Craig Smith 0 2 2 -3 2 0 0 0 0 1 0/6 19:36 5:10 1:46
Damien Giroux 0 0 0 0 0 1 2 0 0 0 2/8 6:43 0:00 0:00
Eric Robinson 0 3 3 -3 0 3 1 1 0 1 1/2 20:35 5:13 1:32
Guillaume Brisebois 0 1 1 1 0 0 0 0 0 0 0/0 11:33 0:00 0:29
Jake Walman 0 0 0 -3 0 1 3 2 0 3 0/0 20:14 5:01 2:03
Jan Mysak 0 2 2 1 0 1 0 0 0 0 5/9 12:45 0:00 0:00
Jujhar Khaira 2 0 2 -3 0 4 3 3 3 3 24/42 26:19 5:13 1:32
Karl Henriksson 0 0 0 0 0 0 0 0 0 0 0/0 1:21 0:20 0:00
Kyle Burroughs 0 0 0 -3 7 0 3 1 0 0 0/0 18:05 3:41 1:34
Logan Stanley 0 0 0 1 2 2 1 1 0 1 0/0 11:51 0:45 0:00
Martin Chromiak 1 0 1 0 0 2 1 0 0 0 0/0 17:12 4:23 0:00
Ryan Lindgren 0 0 0 0 0 1 3 4 0 2 0/0 28:30 5:26 1:55
Tuukka Tieksola 2 0 2 1 0 7 1 0 1 0 0/0 12:45 0:00 0:00
Vinni Lettieri 0 1 1 0 0 1 2 0 0 0 8/16 17:12 4:23 0:00
Players Stats for Sarnia Sailors
Player Name G A P +/- PIM S H SB GA TA FO MP PP MP PK MP
------------------------------------------------------------------------------------
Adam Erne 0 0 0 1 0 1 1 1 0 0 0/1 16:28 0:00 5:56
Adam Ginning 0 1 1 0 2 0 1 1 0 0 0/0 22:12 1:47 4:48
Brad Lambert 0 1 1 0 0 0 1 0 0 0 0/0 9:02 1:47 0:04
Cole Reinhardt 0 0 0 -1 0 1 0 0 0 0 1/1 15:03 1:57 1:01
Daniel Torgersson 0 0 0 0 0 0 1 0 1 1 0/0 5:47 0:00 0:00
Declan Chisholm 0 1 1 0 0 0 1 0 2 0 0/0 23:46 0:14 3:30
Dominic Toninato 0 0 0 -1 0 4 2 0 1 0 5/11 14:18 0:00 2:30
Jack Rathbone 0 0 0 1 0 2 2 3 1 0 0/0 30:03 2:11 5:57
Jamie Drysdale 0 1 1 1 4 6 0 0 0 0 0/0 16:24 1:57 0:22
Jesse Puljujarvi 1 0 1 1 0 4 1 0 2 0 1/3 11:49 1:21 0:00
Keegan Kolesar 3 0 3 2 7 8 2 1 1 1 1/1 20:24 2:01 1:17
Kevin Stenlund 0 2 2 2 2 1 2 3 2 0 32/52 23:58 1:35 6:02
Laurent Dauphin 0 0 0 0 2 3 0 0 0 0 1/4 9:00 0:00 2:45
Lucas Edmonds 0 0 0 -1 0 2 0 0 3 1 0/0 12:06 0:00 0:00
Robert Hamilton 0 0 0 1 2 0 0 1 0 1 0/0 13:58 0:14 3:42
Tristen Nielsen 1 0 1 1 2 3 0 0 1 0 5/13 14:10 2:23 0:00
Vasily Podkolzin 0 2 2 2 0 6 2 2 2 0 0/0 18:36 2:23 0:00
Zach Uens 0 0 0 1 2 0 1 0 0 0 0/0 11:30 0:00 1:23
3 Stars
1 - Tuukka Tieksola (RIR)
2 - Keegan Kolesar (SAR)
3 - Jujhar Khaira (RIR)
Power Play
Rock Island Raccoons - 4 on 9 Attempt(s) - 44.44%
Sarnia Sailors - 1 on 3 Attempt(s) - 33.33%
Penalty Kill
Rock Island Raccoons - 2 on 3 Attempt(s) - 66.67%
- Score 0 goal in Penalty Kill
Sarnia Sailors - 5 on 9 Attempt(s) - 55.56%
- Score 0 goal in Penalty Kill
Team Stat
Rock Island Raccoons - Hits : 27 - Faceoff Wins : 40 - Blocked Shots : 19 - Penalty Minutes : 11
Sarnia Sailors - Hits : 17 - Faceoff Wins : 46 - Blocked Shots : 12 - Penalty Minutes : 23
Official
Referees : Mike Hasenfratz and Dean Morton
Linesman : Mike Cvik and Don Henderson
Game Notes
Keegan Kolesar has scored a Hat Trick!
18:54 of 2nd period - Sarnia Sailors goal is going for a video replay. After video review, Goal.
Kyle Burroughs beats up Keegan Kolesar at 3:04 of 3rd period
Rock Island Raccoons
5 vs 5 Forward
Center Left Wing Right Wing Time % Phy DF OF
1 Jujhar Khaira Eric Robinson Craig Smith 30 1 2 2
2 Vinni Lettieri Alex Barre-Boulet Martin Chromiak 30 1 2 2
3 Jan Mysak Andrew Ladd Tuukka Tieksola 25 1 2 2
4 Damien Giroux Carl Hagelin Jujhar Khaira 15 1 2 2
5 vs 5 Defense
Defense Defense Time % Phy DF OF
1 Ryan Lindgren Brendan Smith 30 1 2 2
2 Jake Walman Kyle Burroughs 30 1 2 2
3 Logan Stanley Guillaume Brisebois 25 1 2 2
4 Ryan Lindgren Brendan Smith 15 1 2 2
PowerPlay Forward
Center Left Wing Right Wing Time % Phy DF OF
1 Jujhar Khaira Eric Robinson Craig Smith 50 1 2 2
2 Vinni Lettieri Alex Barre-Boulet Martin Chromiak 50 1 2 2
PowerPlay Defense
Defense Defense Time % Phy DF OF
1 Ryan Lindgren Brendan Smith 50 1 2 2
2 Jake Walman Kyle Burroughs 50 1 2 2
Penalty Kill 4 Players Forward
Center Wing Time % Phy DF OF
1 Jujhar Khaira Eric Robinson 50 1 2 2
2 Craig Smith Alex Barre-Boulet 50 1 2 2
Penalty Kill 4 Players Defense
Defense Defense Time % Phy DF OF
1 Ryan Lindgren Brendan Smith 50 1 2 2
2 Jake Walman Kyle Burroughs 50 1 2 2
Penalty Kill - 3 Players Forward
Forward Time % Phy DF OF
1 Jujhar Khaira 50 1 2 2
2 Eric Robinson 50 1 2 2
Penalty Kill - 3 Players Defense
Defense Defense Time % Phy DF OF
1 Ryan Lindgren Brendan Smith 50 1 2 2
2 Jake Walman Kyle Burroughs 50 1 2 2
4 vs 4 Forward
Center Wing Time % Phy DF OF
1 Jujhar Khaira Eric Robinson 50 1 2 2
2 Craig Smith Alex Barre-Boulet 50 1 2 2
4 vs 4 Defense
Defense Defense Time % Phy DF OF
1 Ryan Lindgren Brendan Smith 50 1 2 2
2 Jake Walman Kyle Burroughs 50 1 2 2
Last Minutes Offensive
Center Left Wing Right Wing Defense Defense
Jujhar Khaira Eric Robinson Craig Smith Ryan Lindgren Brendan Smith
Last Minutes Defensive
Center Left Wing Right Wing Defense Defense
Jujhar Khaira Eric Robinson Craig Smith Ryan Lindgren Brendan Smith
Goaltenders
Starting : Craig Anderson
Backup : Braden Holtby
Extra Forwards
Normal : Karl Henriksson, Andrew Ladd, Carl Hagelin - PP : Karl Henriksson, Andrew Ladd - PK : Carl Hagelin
Extra Defensemen
Normal : Logan Stanley, Guillaume Brisebois, Jake Walman - PP : Logan Stanley - PK : Guillaume Brisebois, Jake Walman
Penalty Shots
Jujhar Khaira, Eric Robinson, Craig Smith, Alex Barre-Boulet, Vinni Lettieri
Sarnia Sailors
5 vs 5 Forward
Center Left Wing Right Wing Time % Phy DF OF
1 Kevin Stenlund Vasily Podkolzin Keegan Kolesar 40 2 1 2
2 Tristen Nielsen Adam Erne Jesse Puljujarvi 30 2 1 2
3 Dominic Toninato Cole Reinhardt Lucas Edmonds 20 1 2 2
4 Laurent Dauphin Daniel Torgersson Brad Lambert 10 2 1 2
5 vs 5 Defense
Defense Defense Time % Phy DF OF
1 Declan Chisholm Jack Rathbone 40 1 2 2
2 Jamie Drysdale Adam Ginning 30 2 1 2
3 Zach Uens Robert Hamilton 20 2 2 1
4 Adam Ginning Jack Rathbone 10 1 2 2
PowerPlay Forward
Center Left Wing Right Wing Time % Phy DF OF
1 Tristen Nielsen Vasily Podkolzin Keegan Kolesar 60 2 1 2
2 Kevin Stenlund Cole Reinhardt Jesse Puljujarvi 40 1 1 3
PowerPlay Defense
Defense Defense Time % Phy DF OF
1 Jamie Drysdale Jack Rathbone 60 1 1 3
2 Adam Ginning Brad Lambert 40 2 1 2
Penalty Kill 4 Players Forward
Center Wing Time % Phy DF OF
1 Kevin Stenlund Adam Erne 60 2 2 1
2 Laurent Dauphin Keegan Kolesar 40 2 2 1
Penalty Kill 4 Players Defense
Defense Defense Time % Phy DF OF
1 Adam Ginning Jack Rathbone 60 2 1 2
2 Declan Chisholm Robert Hamilton 40 2 2 1
Penalty Kill - 3 Players Forward
Forward Time % Phy DF OF
1 Kevin Stenlund 60 2 2 1
2 Tristen Nielsen 40 2 2 1
Penalty Kill - 3 Players Defense
Defense Defense Time % Phy DF OF
1 Adam Ginning Jack Rathbone 60 2 1 2
2 Declan Chisholm Robert Hamilton 40 2 2 1
4 vs 4 Forward
Center Wing Time % Phy DF OF
1 Kevin Stenlund Keegan Kolesar 60 2 1 2
2 Tristen Nielsen Vasily Podkolzin 40 2 1 2
4 vs 4 Defense
Defense Defense Time % Phy DF OF
1 Declan Chisholm Jack Rathbone 60 1 2 2
2 Jamie Drysdale Robert Hamilton 40 2 1 2
Last Minutes Offensive
Center Left Wing Right Wing Defense Defense
Tristen Nielsen Vasily Podkolzin Keegan Kolesar Jamie Drysdale Jack Rathbone
Last Minutes Defensive
Center Left Wing Right Wing Defense Defense
Kevin Stenlund Adam Erne Tristen Nielsen Adam Ginning Jack Rathbone
Goaltenders
Starting : Remi Poirier
Backup : Dylan Ferguson
Extra Forwards
Normal : Brad Lambert, Cole Reinhardt, Lucas Edmonds - PP : Brad Lambert, Cole Reinhardt - PK : Dominic Toninato
Extra Defensemen
Normal : Zach Uens, Jamie Drysdale, Adam Ginning - PP : Robert Hamilton - PK : Zach Uens, Jamie Drysdale
Penalty Shots
Tristen Nielsen, Vasily Podkolzin, Keegan Kolesar, Kevin Stenlund, Cole Reinhardt
% Time on Ice - Rock Island Raccoons
Lines # - Real PCT - Wanted PCT - Time Play
Normal Forward
1 - 27% - 30% - 11:42
2 - 29% - 30% - 12:51
3 - 29% - 25% - 12:45
4 - 15% - 15% - 6:43
Normal Defense
1 - 31% - 30% - 13:46
2 - 32% - 30% - 14:12
3 - 25% - 25% - 11:04
4 - 11% - 15% - 4:59
PP Forward
1 - 53% - 50% - 5:13
2 - 47% - 50% - 4:40
PP Defense
1 - 49% - 50% - 4:52
2 - 51% - 50% - 5:01
PK Forward
1 - 39% - 50% - 1:32
2 - 61% - 50% - 2:26
PK Defense
1 - 48% - 50% - 1:55
2 - 52% - 50% - 2:03
PK3 Forward
1 - 0% - 50%
2 - 0% - 50%
PK3 Defense
1 - 0% - 50%
2 - 0% - 50%
44 Forward
1 - 100% - 50% - 1:09
2 - 0% - 50% - 0:00
44 Defense
1 - 100% - 50% - 1:09
2 - 0% - 50% - 0:00
Last Minute Offensive - 0:00
Last Minute Defensive - 0:59
Total
Forward - 60:00
Defense - 60:00
|
% Time on Ice - Sarnia Sailors
Lines # - Real PCT - Wanted PCT - Time Play
Normal Forward
1 - 36% - 40% - 16:04
2 - 25% - 30% - 10:57
3 - 26% - 20% - 11:14
4 - 13% - 10% - 5:47
Normal Defense
1 - 44% - 40% - 19:16
2 - 30% - 30% - 13:18
3 - 21% - 20% - 9:03
4 - 5% - 10% - 2:25
PP Forward
1 - 66% - 60% - 2:37
2 - 34% - 40% - 1:21
PP Defense
1 - 55% - 60% - 2:11
2 - 45% - 40% - 1:47
PK Forward
1 - 72% - 60% - 6:54
2 - 28% - 40% - 2:45
PK Defense
1 - 64% - 60% - 6:09
2 - 36% - 40% - 3:30
PK3 Forward
1 - 100% - 60% - 0:14
2 - 0% - 40% - 0:00
PK3 Defense
1 - 100% - 60% - 0:14
2 - 0% - 40% - 0:00
44 Forward
1 - 100% - 60% - 1:09
2 - 0% - 40% - 0:00
44 Defense
1 - 100% - 60% - 1:09
2 - 0% - 40% - 0:00
Last Minute Offensive - 0:58
Last Minute Defensive - 0:00
Total
Forward - 60:00
Defense - 60:00
|
Play-by-Play
1st period
0:01 of 1st period - Kevin Stenlund wins face-off versus Jujhar Khaira in neutral zone.
0:04 of 1st period - Snap shot by Keegan Kolesar.
0:04 of 1st period - Shot Blocked by Ryan Lindgren.
1:23 of 1st period - Wrist shot by Laurent Dauphin.
1:23 of 1st period - Shot Misses the Net.
2:24 of 1st period - Logan Stanley is hit by Daniel Torgersson and loses puck.
3:15 of 1st period - Martin Chromiak is hit by Dominic Toninato and loses puck.
3:30 of 1st period - Daniel Torgersson is hit by Damien Giroux and loses puck.
4:08 of 1st period - Guillaume Brisebois is hit by Dominic Toninato and loses puck.
4:13 of 1st period - Snap shot by Dominic Toninato.
4:13 of 1st period - Stopped by Craig Anderson without a rebound.
4:14 of 1st period - Jan Mysak wins face-off versus Dominic Toninato in Rock Island Raccoons zone.
4:19 of 1st period - Wrist shot by Tuukka Tieksola.
4:19 of 1st period - Shot Misses the Net.
4:21 of 1st period - Slapshot by Tuukka Tieksola.
4:21 of 1st period - Goal by Tuukka Tieksola - Rock Island Raccoons : 1 - Sarnia Sailors : 0.
4:22 of 1st period - Jujhar Khaira wins face-off versus Kevin Stenlund in neutral zone.
4:24 of 1st period - Off-side.
4:25 of 1st period - Jujhar Khaira wins face-off versus Kevin Stenlund in neutral zone.
4:27 of 1st period - Off-side.
4:28 of 1st period - Jujhar Khaira wins face-off versus Kevin Stenlund in neutral zone.
5:04 of 1st period - Snap shot by Jesse Puljujarvi.
5:04 of 1st period - Stopped by Craig Anderson with a rebound.
6:34 of 1st period - Snap shot by Laurent Dauphin.
6:34 of 1st period - Deflect By Kyle Burroughs.
6:34 of 1st period - Shot Misses the Net.
6:34 of 1st period - Puck is out of play.
6:35 of 1st period - Vinni Lettieri wins face-off versus Laurent Dauphin in Rock Island Raccoons zone.
6:44 of 1st period - Wrist shot by Laurent Dauphin.
6:44 of 1st period - Stopped by Craig Anderson without a rebound.
6:45 of 1st period - Kevin Stenlund wins face-off versus Vinni Lettieri in Rock Island Raccoons zone.
7:11 of 1st period - Off-side.
7:12 of 1st period - Jujhar Khaira wins face-off versus Jesse Puljujarvi in neutral zone.
7:24 of 1st period - Snap shot by Jujhar Khaira.
7:24 of 1st period - Stopped by Remi Poirier without a rebound.
7:25 of 1st period - Kevin Stenlund wins face-off versus Jujhar Khaira in Sarnia Sailors zone.
7:36 of 1st period - Snap shot by Kevin Stenlund.
7:36 of 1st period - Shot Misses the Net.
7:38 of 1st period - Snap shot by Kevin Stenlund.
7:38 of 1st period - Shot Misses the Net.
8:15 of 1st period - Snap shot by Dominic Toninato.
8:15 of 1st period - Shot Misses the Net.
8:17 of 1st period - Slapshot by Jack Rathbone.
8:17 of 1st period - Stopped by Craig Anderson with a rebound.
8:19 of 1st period - Wrist shot by Cole Reinhardt.
8:19 of 1st period - Shot Misses the Net.
8:21 of 1st period - Wrist shot by Dominic Toninato.
8:21 of 1st period - Shot Blocked by Logan Stanley.
8:31 of 1st period - Minor Penalty to Logan Stanley for High sticking.
8:32 of 1st period - Jujhar Khaira wins face-off versus Tristen Nielsen in Rock Island Raccoons zone.
8:43 of 1st period - Snap shot by Alex Barre-Boulet.
8:43 of 1st period - Stopped by Remi Poirier without a rebound.
8:44 of 1st period - Tristen Nielsen wins face-off versus Craig Smith in Sarnia Sailors zone.
9:21 of 1st period - Cole Reinhardt is hit by Jujhar Khaira and loses puck.
9:30 of 1st period - Snap shot by Eric Robinson.
9:30 of 1st period - Shot Misses the Net.
9:50 of 1st period - Snap shot by Jesse Puljujarvi.
9:50 of 1st period - Shot Misses the Net.
9:52 of 1st period - Snap shot by Kevin Stenlund.
9:52 of 1st period - Shot Misses the Net.
9:54 of 1st period - Slapshot by Jack Rathbone.
9:54 of 1st period - Shot Blocked by Jujhar Khaira.
9:56 of 1st period - Wrist shot by Jack Rathbone.
9:56 of 1st period - Deflect By Kevin Stenlund.
9:56 of 1st period - Shot Misses the Net.
9:56 of 1st period - Puck is out of play.
9:57 of 1st period - Tristen Nielsen wins face-off versus Craig Smith in Rock Island Raccoons zone.
10:04 of 1st period - Snap shot by Tristen Nielsen.
10:04 of 1st period - Shot Blocked by Brendan Smith.
10:31 of 1st period - Penalty to Logan Stanley is over, Logan Stanley is back on ice.
11:12 of 1st period - Minor Penalty to Keegan Kolesar for High sticking.
11:13 of 1st period - Kevin Stenlund wins face-off versus Vinni Lettieri in Sarnia Sailors zone.
11:47 of 1st period - Icing by Vinni Lettieri.
11:48 of 1st period - Vinni Lettieri wins face-off versus Kevin Stenlund in Rock Island Raccoons zone.
11:53 of 1st period - Kevin Stenlund is hit by Vinni Lettieri and loses puck.
12:19 of 1st period - Declan Chisholm is hit by Jake Walman and loses puck.
12:33 of 1st period - Icing by Kyle Burroughs.
12:34 of 1st period - Kevin Stenlund wins face-off versus Eric Robinson in Rock Island Raccoons zone.
13:12 of 1st period - Penalty to Keegan Kolesar is over, Keegan Kolesar is back on ice.
13:38 of 1st period - Icing by Dominic Toninato.
13:39 of 1st period - Laurent Dauphin wins face-off versus Damien Giroux in Sarnia Sailors zone.
13:44 of 1st period - Snap shot by Carl Hagelin.
13:44 of 1st period - Stopped by Remi Poirier with a rebound.
13:46 of 1st period - Snap shot by Logan Stanley.
13:46 of 1st period - Stopped by Remi Poirier without a rebound.
13:47 of 1st period - Kevin Stenlund wins face-off versus Craig Smith in Sarnia Sailors zone.
13:53 of 1st period - Slapshot by Keegan Kolesar.
13:53 of 1st period - Shot Misses the Net.
13:55 of 1st period - Slapshot by Keegan Kolesar.
13:55 of 1st period - Stopped by Craig Anderson with a rebound.
13:57 of 1st period - Snap shot by Kevin Stenlund.
13:57 of 1st period - Shot Misses the Net.
13:59 of 1st period - Wrist shot by Kevin Stenlund.
13:59 of 1st period - Stopped by Craig Anderson without a rebound.
14:00 of 1st period - Jujhar Khaira wins face-off versus Kevin Stenlund in Rock Island Raccoons zone.
14:13 of 1st period - Snap shot by Jujhar Khaira.
14:13 of 1st period - Shot Blocked by Jack Rathbone.
14:15 of 1st period - Slapshot by Jake Walman.
14:15 of 1st period - Deflect By Jujhar Khaira.
14:15 of 1st period - Shot Misses the Net.
14:15 of 1st period - Puck is out of play.
14:16 of 1st period - Tristen Nielsen wins face-off versus Vinni Lettieri in Sarnia Sailors zone.
14:16 of 1st period - Tristen Nielsen is hit by Brendan Smith.
14:22 of 1st period - Jack Rathbone is hit by Brendan Smith.
15:08 of 1st period - Jack Rathbone is hit by Andrew Ladd.
15:14 of 1st period - Snap shot by Keegan Kolesar.
15:14 of 1st period - Shot Blocked by Kyle Burroughs.
15:50 of 1st period - Snap shot by Adam Erne.
15:50 of 1st period - Shot Blocked by Jujhar Khaira.
15:56 of 1st period - Wrist shot by Adam Erne.
15:56 of 1st period - Shot Blocked by Carl Hagelin.
16:46 of 1st period - Wrist shot by Adam Erne.
16:46 of 1st period - Stopped by Craig Anderson with a rebound.
16:56 of 1st period - Eric Robinson is hit by Kevin Stenlund and loses puck.
17:26 of 1st period - Snap shot by Alex Barre-Boulet.
17:26 of 1st period - Stopped by Remi Poirier with a rebound.
17:31 of 1st period - Icing by Dominic Toninato.
17:32 of 1st period - Jan Mysak wins face-off versus Dominic Toninato in Sarnia Sailors zone.
17:41 of 1st period - Wrist shot by Andrew Ladd.
17:41 of 1st period - Deflect By Lucas Edmonds.
17:41 of 1st period - Stopped by Remi Poirier with a rebound.
17:43 of 1st period - Slapshot by Brendan Smith.
17:43 of 1st period - Shot Blocked by Robert Hamilton.
17:45 of 1st period - Wrist shot by Jan Mysak.
17:45 of 1st period - Stopped by Remi Poirier with a rebound.
18:02 of 1st period - Off-side.
18:03 of 1st period - Jujhar Khaira wins face-off versus Kevin Stenlund in neutral zone.
18:05 of 1st period - Off-side.
18:06 of 1st period - Kevin Stenlund wins face-off versus Jujhar Khaira in neutral zone.
18:11 of 1st period - Wrist shot by Vasily Podkolzin.
18:11 of 1st period - Stopped by Craig Anderson with a rebound.
18:13 of 1st period - Slapshot by Adam Ginning.
18:13 of 1st period - Shot Blocked by Jake Walman.
18:15 of 1st period - Snap shot by Keegan Kolesar.
18:15 of 1st period - Shot Misses the Net.
18:17 of 1st period - Snap shot by Keegan Kolesar.
18:17 of 1st period - Goal by Keegan Kolesar - Rock Island Raccoons : 1 - Sarnia Sailors : 1.
18:18 of 1st period - Kevin Stenlund wins face-off versus Jujhar Khaira in neutral zone.
18:31 of 1st period - Wrist shot by Keegan Kolesar.
18:31 of 1st period - Stopped by Craig Anderson with a rebound.
19:16 of 1st period - Off-side.
19:17 of 1st period - Kevin Stenlund wins face-off versus Damien Giroux in neutral zone.
19:25 of 1st period - Jujhar Khaira is hit by Vasily Podkolzin and loses puck.
19:50 of 1st period - Tristen Nielsen is hit by Alex Barre-Boulet and loses puck.
Goals for this period are 1 for Rock Island Raccoons vs 1 for Sarnia Sailors.
Shots for this period are 8 for Rock Island Raccoons vs 10 for Sarnia Sailors.
2nd period
0:01 of 2nd period - Jujhar Khaira wins face-off versus Kevin Stenlund in neutral zone.
0:30 of 2nd period - Wrist shot by Tuukka Tieksola.
0:30 of 2nd period - Deflect By Adam Ginning.
0:30 of 2nd period - Stopped by Remi Poirier without a rebound.
0:31 of 2nd period - Vinni Lettieri wins face-off versus Tristen Nielsen in Sarnia Sailors zone.
0:34 of 2nd period - Wrist shot by Alex Barre-Boulet.
0:34 of 2nd period - Stopped by Remi Poirier without a rebound.
0:35 of 2nd period - Kevin Stenlund wins face-off versus Alex Barre-Boulet in Sarnia Sailors zone.
1:02 of 2nd period - Slapshot by Dominic Toninato.
1:02 of 2nd period - Stopped by Craig Anderson with a rebound.
1:04 of 2nd period - Snap shot by Lucas Edmonds.
1:04 of 2nd period - Deflect By Cole Reinhardt.
1:04 of 2nd period - Shot Misses the Net.
1:04 of 2nd period - Puck is out of play.
1:05 of 2nd period - Dominic Toninato wins face-off versus Jujhar Khaira in Rock Island Raccoons zone.
1:08 of 2nd period - Wrist shot by Lucas Edmonds.
1:08 of 2nd period - Stopped by Craig Anderson without a rebound.
1:09 of 2nd period - Jujhar Khaira wins face-off versus Dominic Toninato in Rock Island Raccoons zone.
1:20 of 2nd period - Wrist shot by Eric Robinson.
1:20 of 2nd period - Stopped by Remi Poirier with a rebound.
1:28 of 2nd period - Snap shot by Cole Reinhardt.
1:28 of 2nd period - Shot Misses the Net.
1:30 of 2nd period - Wrist shot by Lucas Edmonds.
1:30 of 2nd period - Deflect By Tuukka Tieksola.
1:30 of 2nd period - Shot Blocked by Andrew Ladd.
1:30 of 2nd period - Puck is out of play.
1:31 of 2nd period - Jan Mysak wins face-off versus Kevin Stenlund in Rock Island Raccoons zone.
1:56 of 2nd period - Kyle Burroughs is hit by Jack Rathbone and loses puck.
2:43 of 2nd period - Snap shot by Laurent Dauphin.
2:43 of 2nd period - Shot Misses the Net.
2:47 of 2nd period - Wrist shot by Laurent Dauphin.
2:47 of 2nd period - Stopped by Craig Anderson without a rebound.
2:48 of 2nd period - Kevin Stenlund wins face-off versus Jan Mysak in Rock Island Raccoons zone.
2:53 of 2nd period - Wrist shot by Keegan Kolesar.
2:53 of 2nd period - Goal by Keegan Kolesar - Rock Island Raccoons : 1 - Sarnia Sailors : 2.
2:54 of 2nd period - Kevin Stenlund wins face-off versus Jujhar Khaira in neutral zone.
3:11 of 2nd period - Vasily Podkolzin is hit by Brendan Smith and loses puck.
4:23 of 2nd period - Ryan Lindgren is hit by Jack Rathbone and loses puck.
4:26 of 2nd period - Snap shot by Tuukka Tieksola.
4:26 of 2nd period - Stopped by Remi Poirier with a rebound.
4:28 of 2nd period - Backhand shot by Ryan Lindgren.
4:28 of 2nd period - Shot Misses the Net.
4:30 of 2nd period - Snap shot by Andrew Ladd.
4:30 of 2nd period - Stopped by Remi Poirier without a rebound.
4:31 of 2nd period - Jan Mysak wins face-off versus Kevin Stenlund in Sarnia Sailors zone.
4:34 of 2nd period - Snap shot by Tuukka Tieksola.
4:34 of 2nd period - Shot Misses the Net.
4:39 of 2nd period - Minor Penalty to Jamie Drysdale for Holding.
4:40 of 2nd period - Kevin Stenlund wins face-off versus Jujhar Khaira in Sarnia Sailors zone.
5:15 of 2nd period - Alex Barre-Boulet is hit by Adam Ginning and loses puck.
5:30 of 2nd period - Adam Ginning is hit by Jujhar Khaira and loses puck.
5:47 of 2nd period - Slapshot by Jack Rathbone.
5:47 of 2nd period - Shot Misses the Net.
6:39 of 2nd period - Penalty to Jamie Drysdale is over, Jamie Drysdale is back on ice.
6:44 of 2nd period - Slapshot by Andrew Ladd.
6:44 of 2nd period - Shot Blocked by Keegan Kolesar.
6:54 of 2nd period - Snap shot by Jamie Drysdale.
6:54 of 2nd period - Stopped by Craig Anderson with a rebound.
6:56 of 2nd period - Snap shot by Laurent Dauphin.
6:56 of 2nd period - Shot Blocked by Andrew Ladd.
6:58 of 2nd period - Wrist shot by Laurent Dauphin.
6:58 of 2nd period - Shot Misses the Net.
7:00 of 2nd period - Wrist shot by Jamie Drysdale.
7:00 of 2nd period - Stopped by Craig Anderson with a rebound.
7:02 of 2nd period - Snap shot by Laurent Dauphin.
7:02 of 2nd period - Deflect By Keegan Kolesar.
7:02 of 2nd period - Stopped by Craig Anderson without a rebound.
7:03 of 2nd period - Dominic Toninato wins face-off versus Damien Giroux in Rock Island Raccoons zone.
7:08 of 2nd period - Wrist shot by Cole Reinhardt.
7:08 of 2nd period - Shot Misses the Net.
8:01 of 2nd period - Minor Penalty to Jamie Drysdale for High sticking.
8:02 of 2nd period - Kevin Stenlund wins face-off versus Vinni Lettieri in Sarnia Sailors zone.
8:12 of 2nd period - Snap shot by Vinni Lettieri.
8:12 of 2nd period - Stopped by Remi Poirier without a rebound.
8:13 of 2nd period - Kevin Stenlund wins face-off versus Jujhar Khaira in Sarnia Sailors zone.
8:15 of 2nd period - Minor Penalty to Robert Hamilton for Tripping.
8:16 of 2nd period - Jujhar Khaira wins face-off versus Kevin Stenlund in Sarnia Sailors zone.
8:16 of 2nd period - Snap shot by Eric Robinson.
8:16 of 2nd period - Deflect By Craig Smith.
8:16 of 2nd period - Shot Misses the Net.
8:16 of 2nd period - Puck is out of play.
8:17 of 2nd period - Jujhar Khaira wins face-off versus Kevin Stenlund in Sarnia Sailors zone.
8:29 of 2nd period - Wrist shot by Jujhar Khaira.
8:29 of 2nd period - Goal by Jujhar Khaira - Rock Island Raccoons : 2 - Sarnia Sailors : 2.
8:30 of 2nd period - Jujhar Khaira wins face-off versus Kevin Stenlund in neutral zone.
8:39 of 2nd period - Snap shot by Eric Robinson.
8:39 of 2nd period - Shot Blocked by Adam Erne.
9:02 of 2nd period - Wrist shot by Keegan Kolesar.
9:02 of 2nd period - Deflect By Laurent Dauphin.
9:02 of 2nd period - Stopped by Craig Anderson without a rebound.
9:03 of 2nd period - Vinni Lettieri wins face-off versus Laurent Dauphin in Rock Island Raccoons zone.
9:05 of 2nd period - Minor Penalty to Kyle Burroughs for Hooking.
9:06 of 2nd period - Jujhar Khaira wins face-off versus Kevin Stenlund in Rock Island Raccoons zone.
9:10 of 2nd period - Slapshot by Keegan Kolesar.
9:10 of 2nd period - Stopped by Craig Anderson without a rebound.
9:11 of 2nd period - Kevin Stenlund wins face-off versus Jujhar Khaira in Rock Island Raccoons zone.
9:14 of 2nd period - Wrist shot by Keegan Kolesar.
9:14 of 2nd period - Stopped by Craig Anderson without a rebound.
9:15 of 2nd period - Jujhar Khaira wins face-off versus Kevin Stenlund in Rock Island Raccoons zone.
9:15 of 2nd period - Jujhar Khaira is hit by Keegan Kolesar.
9:51 of 2nd period - Keegan Kolesar is hit by Ryan Lindgren and loses puck.
10:14 of 2nd period - Icing by Declan Chisholm.
10:15 of 2nd period - Penalty to Robert Hamilton is over, Robert Hamilton is back on ice.
10:15 of 2nd period - Kevin Stenlund wins face-off versus Craig Smith in Sarnia Sailors zone.
10:28 of 2nd period - Snap shot by Kevin Stenlund.
10:28 of 2nd period - Deflect By Keegan Kolesar.
10:28 of 2nd period - Shot Misses the Net.
10:28 of 2nd period - Puck is out of play.
10:29 of 2nd period - Tristen Nielsen wins face-off versus Craig Smith in Rock Island Raccoons zone.
10:43 of 2nd period - Icing by Tristen Nielsen.
10:44 of 2nd period - Cole Reinhardt wins face-off versus Alex Barre-Boulet in Sarnia Sailors zone.
10:53 of 2nd period - Wrist shot by Cole Reinhardt.
10:53 of 2nd period - Shot Misses the Net.
10:55 of 2nd period - Slapshot by Brad Lambert.
10:55 of 2nd period - Shot Blocked by Brendan Smith.
10:57 of 2nd period - Snap shot by Cole Reinhardt.
10:57 of 2nd period - Shot Misses the Net.
10:59 of 2nd period - Wrist shot by Tristen Nielsen.
10:59 of 2nd period - Stopped by Craig Anderson with a rebound.
11:05 of 2nd period - Penalty to Kyle Burroughs is over, Kyle Burroughs is back on ice.
11:55 of 2nd period - Off-side.
11:56 of 2nd period - Kevin Stenlund wins face-off versus Vinni Lettieri in neutral zone.
12:20 of 2nd period - Icing by Martin Chromiak.
12:21 of 2nd period - Vinni Lettieri wins face-off versus Tristen Nielsen in Rock Island Raccoons zone.
12:28 of 2nd period - Eric Robinson is hit by Zach Uens and loses puck.
12:36 of 2nd period - Minor Penalty to Zach Uens for Holding.
12:37 of 2nd period - Kevin Stenlund wins face-off versus Vinni Lettieri in Sarnia Sailors zone.
13:02 of 2nd period - Adam Ginning is hit by Eric Robinson and loses puck.
14:36 of 2nd period - Penalty to Zach Uens is over, Zach Uens is back on ice.
14:52 of 2nd period - Wrist shot by Jamie Drysdale.
14:52 of 2nd period - Stopped by Craig Anderson without a rebound.
14:53 of 2nd period - Jan Mysak wins face-off versus Laurent Dauphin in Rock Island Raccoons zone.
15:15 of 2nd period - Icing by Guillaume Brisebois.
15:16 of 2nd period - Dominic Toninato wins face-off versus Jan Mysak in Rock Island Raccoons zone.
15:33 of 2nd period - Slapshot by Andrew Ladd.
15:33 of 2nd period - Stopped by Remi Poirier with a rebound.
15:35 of 2nd period - Slapshot by Guillaume Brisebois.
15:35 of 2nd period - Shot Blocked by Vasily Podkolzin.
15:37 of 2nd period - Snap shot by Guillaume Brisebois.
15:37 of 2nd period - Shot Misses the Net.
15:39 of 2nd period - Snap shot by Jan Mysak.
15:39 of 2nd period - Shot Blocked by Kevin Stenlund.
15:41 of 2nd period - Slapshot by Guillaume Brisebois.
15:41 of 2nd period - Shot Misses the Net.
15:43 of 2nd period - Snap shot by Tuukka Tieksola.
15:43 of 2nd period - Goal by Tuukka Tieksola - Rock Island Raccoons : 3 - Sarnia Sailors : 2.
15:44 of 2nd period - Jujhar Khaira wins face-off versus Tristen Nielsen in neutral zone.
15:47 of 2nd period - Declan Chisholm is hit by Brendan Smith and loses puck.
16:39 of 2nd period - Off-side.
16:40 of 2nd period - Jujhar Khaira wins face-off versus Tristen Nielsen in neutral zone.
16:43 of 2nd period - Jack Rathbone is hit by Logan Stanley and loses puck.
17:06 of 2nd period - Vinni Lettieri is hit by Kevin Stenlund and loses puck.
17:15 of 2nd period - Wrist shot by Martin Chromiak.
17:15 of 2nd period - Stopped by Remi Poirier with a rebound.
17:25 of 2nd period - Slapshot by Tuukka Tieksola.
17:25 of 2nd period - Shot Misses the Net.
17:27 of 2nd period - Slapshot by Tuukka Tieksola.
17:27 of 2nd period - Shot Blocked by Adam Ginning.
17:29 of 2nd period - Snap shot by Brendan Smith.
17:29 of 2nd period - Stopped by Remi Poirier without a rebound.
17:30 of 2nd period - Dominic Toninato wins face-off versus Jan Mysak in Sarnia Sailors zone.
17:30 of 2nd period - Dominic Toninato is hit by Tuukka Tieksola.
17:46 of 2nd period - Backhand shot by Dominic Toninato.
17:46 of 2nd period - Stopped by Craig Anderson with a rebound.
17:56 of 2nd period - Kevin Stenlund is hit by Kyle Burroughs and loses puck.
18:03 of 2nd period - Slapshot by Declan Chisholm.
18:03 of 2nd period - Deflect By Keegan Kolesar.
18:03 of 2nd period - Goal by Keegan Kolesar - Rock Island Raccoons : 3 - Sarnia Sailors : 3.
18:04 of 2nd period - Kevin Stenlund wins face-off versus Jujhar Khaira in neutral zone.
18:09 of 2nd period - Wrist shot by Kevin Stenlund.
18:09 of 2nd period - Shot Blocked by Brendan Smith.
18:17 of 2nd period - Snap shot by Eric Robinson.
18:17 of 2nd period - Shot Blocked by Jack Rathbone.
18:39 of 2nd period - Off-side.
18:40 of 2nd period - Jujhar Khaira wins face-off versus Jesse Puljujarvi in neutral zone.
18:43 of 2nd period - Tristen Nielsen is hit by Kyle Burroughs and loses puck.
18:52 of 2nd period - Slapshot by Jamie Drysdale.
18:52 of 2nd period - Shot Misses the Net.
18:54 of 2nd period - Wrist shot by Tristen Nielsen.
18:54 of 2nd period - Sarnia Sailors goal is going for a video replay.
18:54 of 2nd period - The goal is good.
18:54 of 2nd period - Goal by Tristen Nielsen - Rock Island Raccoons : 3 - Sarnia Sailors : 4.
18:55 of 2nd period - Kevin Stenlund wins face-off versus Jujhar Khaira in neutral zone.
19:02 of 2nd period - Slapshot by Brendan Smith.
19:02 of 2nd period - Stopped by Remi Poirier with a rebound.
19:29 of 2nd period - Snap shot by Jesse Puljujarvi.
19:29 of 2nd period - Stopped by Craig Anderson with a rebound.
19:51 of 2nd period - Snap shot by Tuukka Tieksola.
19:51 of 2nd period - Stopped by Remi Poirier with a rebound.
Goals for this period are 2 for Rock Island Raccoons vs 3 for Sarnia Sailors.
Shots for this period are 13 for Rock Island Raccoons vs 16 for Sarnia Sailors.
3rd period
0:01 of 3rd period - Jujhar Khaira wins face-off versus Kevin Stenlund in neutral zone.
0:59 of 3rd period - Slapshot by Declan Chisholm.
0:59 of 3rd period - Deflect By Vasily Podkolzin.
0:59 of 3rd period - Shot Misses the Net.
0:59 of 3rd period - Puck is out of play.
1:00 of 3rd period - Vinni Lettieri wins face-off versus Tristen Nielsen in Rock Island Raccoons zone.
1:05 of 3rd period - Slapshot by Ryan Lindgren.
1:05 of 3rd period - Shot Misses the Net.
1:42 of 3rd period - Minor Penalty to Craig Smith for Interference.
1:43 of 3rd period - Keegan Kolesar wins face-off versus Jujhar Khaira in Rock Island Raccoons zone.
1:46 of 3rd period - Wrist shot by Keegan Kolesar.
1:46 of 3rd period - Shot Blocked by Jujhar Khaira.
1:48 of 3rd period - Slapshot by Jack Rathbone.
1:48 of 3rd period - Shot Blocked by Eric Robinson.
1:50 of 3rd period - Slapshot by Jack Rathbone.
1:50 of 3rd period - Stopped by Craig Anderson with a rebound.
1:52 of 3rd period - Slapshot by Jamie Drysdale.
1:52 of 3rd period - Stopped by Craig Anderson without a rebound.
1:53 of 3rd period - Jujhar Khaira wins face-off versus Tristen Nielsen in Rock Island Raccoons zone.
1:53 of 3rd period - Jujhar Khaira is hit by Vasily Podkolzin.
2:05 of 3rd period - Vasily Podkolzin is hit by Alex Barre-Boulet and loses puck.
2:22 of 3rd period - Slapshot by Jamie Drysdale.
2:22 of 3rd period - Shot Blocked by Jake Walman.
2:24 of 3rd period - Wrist shot by Vasily Podkolzin.
2:24 of 3rd period - Stopped by Craig Anderson with a rebound.
2:26 of 3rd period - Slapshot by Jamie Drysdale.
2:26 of 3rd period - Deflect By Carl Hagelin.
2:26 of 3rd period - Stopped by Craig Anderson without a rebound.
2:27 of 3rd period - Kevin Stenlund wins face-off versus Jujhar Khaira in Rock Island Raccoons zone.
2:43 of 3rd period - Icing by Brad Lambert.
2:44 of 3rd period - Kevin Stenlund wins face-off versus Carl Hagelin in Sarnia Sailors zone.
2:51 of 3rd period - Snap shot by Jesse Puljujarvi.
2:51 of 3rd period - Goal by Jesse Puljujarvi - Rock Island Raccoons : 3 - Sarnia Sailors : 5.
2:52 of 3rd period - Eric Robinson wins face-off versus Kevin Stenlund in neutral zone.
2:54 of 3rd period - Off-side.
2:55 of 3rd period - Jujhar Khaira wins face-off versus Kevin Stenlund in neutral zone.
2:58 of 3rd period - Slapshot by Jake Walman.
2:58 of 3rd period - Stopped by Remi Poirier without a rebound.
2:59 of 3rd period - Kevin Stenlund wins face-off versus Craig Smith in Sarnia Sailors zone.
3:04 of 3rd period - Kyle Burroughs beats up Keegan Kolesar.
3:04 of 3rd period - Penalty to Keegan Kolesar for Fighting.
3:04 of 3rd period - Penalty to Kyle Burroughs for Fighting.
3:05 of 3rd period - Kevin Stenlund wins face-off versus Jujhar Khaira in Rock Island Raccoons zone.
3:20 of 3rd period - Wrist shot by Vasily Podkolzin.
3:20 of 3rd period - Stopped by Craig Anderson with a rebound.
3:30 of 3rd period - Jesse Puljujarvi is hit by Ryan Lindgren and loses puck.
4:00 of 3rd period - Wrist shot by Tuukka Tieksola.
4:00 of 3rd period - Stopped by Remi Poirier with a rebound.
4:06 of 3rd period - Minor Penalty to Adam Ginning for Delaying the game.
4:07 of 3rd period - Kevin Stenlund wins face-off versus Vinni Lettieri in Sarnia Sailors zone.
4:07 of 3rd period - Kevin Stenlund is hit by Martin Chromiak.
6:06 of 3rd period - Penalty to Adam Ginning is over, Adam Ginning is back on ice.
6:12 of 3rd period - Slapshot by Jamie Drysdale.
6:12 of 3rd period - Shot Blocked by Ryan Lindgren.
6:30 of 3rd period - Wrist shot by Vasily Podkolzin.
6:30 of 3rd period - Shot Misses the Net.
7:28 of 3rd period - Martin Chromiak is hit by Brad Lambert and loses puck.
7:51 of 3rd period - Wrist shot by Cole Reinhardt.
7:51 of 3rd period - Stopped by Craig Anderson with a rebound.
7:58 of 3rd period - Icing by Brendan Smith.
7:59 of 3rd period - Jesse Puljujarvi wins face-off versus Jujhar Khaira in Rock Island Raccoons zone.
8:06 of 3rd period - Slapshot by Jesse Puljujarvi.
8:06 of 3rd period - Deflect By Craig Smith.
8:06 of 3rd period - Shot Misses the Net.
8:06 of 3rd period - Puck is out of play.
8:07 of 3rd period - Kevin Stenlund wins face-off versus Jujhar Khaira in Rock Island Raccoons zone.
8:39 of 3rd period - Snap shot by Dominic Toninato.
8:39 of 3rd period - Shot Misses the Net.
8:41 of 3rd period - Slapshot by Dominic Toninato.
8:41 of 3rd period - Stopped by Craig Anderson without a rebound.
8:42 of 3rd period - Kevin Stenlund wins face-off versus Vinni Lettieri in Rock Island Raccoons zone.
8:54 of 3rd period - Vasily Podkolzin is hit by Kyle Burroughs and loses puck.
9:07 of 3rd period - Jake Walman is hit by Jesse Puljujarvi and loses puck.
9:53 of 3rd period - Daniel Torgersson is hit by Jake Walman and loses puck.
10:25 of 3rd period - Snap shot by Jesse Puljujarvi.
10:25 of 3rd period - Stopped by Craig Anderson with a rebound.
10:27 of 3rd period - Snap shot by Adam Erne.
10:27 of 3rd period - Shot Misses the Net.
10:29 of 3rd period - Snap shot by Tristen Nielsen.
10:29 of 3rd period - Shot Misses the Net.
10:43 of 3rd period - Snap shot by Vinni Lettieri.
10:43 of 3rd period - Shot Misses the Net.
11:02 of 3rd period - Icing by Cole Reinhardt.
11:03 of 3rd period - Jujhar Khaira wins face-off versus Dominic Toninato in Sarnia Sailors zone.
11:28 of 3rd period - Keegan Kolesar is hit by Vinni Lettieri and loses puck.
11:47 of 3rd period - Slapshot by Logan Stanley.
11:47 of 3rd period - Stopped by Remi Poirier with a rebound.
11:49 of 3rd period - Wrist shot by Carl Hagelin.
11:49 of 3rd period - Shot Misses the Net.
13:04 of 3rd period - Tristen Nielsen is hit by Jake Walman and loses puck.
14:24 of 3rd period - Off-side.
14:25 of 3rd period - Kevin Stenlund wins face-off versus Damien Giroux in neutral zone.
14:50 of 3rd period - Alex Barre-Boulet is hit by Adam Erne and loses puck.
15:09 of 3rd period - Snap shot by Tuukka Tieksola.
15:09 of 3rd period - Stopped by Remi Poirier with a rebound.
15:36 of 3rd period - Minor Penalty to Laurent Dauphin for Tripping.
15:37 of 3rd period - Vinni Lettieri wins face-off versus Kevin Stenlund in Sarnia Sailors zone.
15:37 of 3rd period - Snap shot by Alex Barre-Boulet.
15:37 of 3rd period - Shot Misses the Net.
15:39 of 3rd period - Wrist shot by Martin Chromiak.
15:39 of 3rd period - Shot Blocked by Kevin Stenlund.
15:41 of 3rd period - Snap shot by Alex Barre-Boulet.
15:41 of 3rd period - Stopped by Remi Poirier without a rebound.
15:42 of 3rd period - Vinni Lettieri wins face-off versus Kevin Stenlund in Sarnia Sailors zone.
15:43 of 3rd period - Wrist shot by Alex Barre-Boulet.
15:43 of 3rd period - Shot Blocked by Jack Rathbone.
15:45 of 3rd period - Snap shot by Alex Barre-Boulet.
15:45 of 3rd period - Shot Misses the Net.
15:47 of 3rd period - Wrist shot by Martin Chromiak.
15:47 of 3rd period - Goal by Martin Chromiak - Rock Island Raccoons : 4 - Sarnia Sailors : 5.
15:48 of 3rd period - Kevin Stenlund wins face-off versus Damien Giroux in neutral zone.
15:58 of 3rd period - Snap shot by Vasily Podkolzin.
15:58 of 3rd period - Shot Blocked by Ryan Lindgren.
16:08 of 3rd period - Kevin Stenlund is hit by Ryan Lindgren and loses puck.
16:22 of 3rd period - Icing by Ryan Lindgren.
16:23 of 3rd period - Dominic Toninato wins face-off versus Jan Mysak in Rock Island Raccoons zone.
16:30 of 3rd period - Slapshot by Jamie Drysdale.
16:30 of 3rd period - Shot Blocked by Ryan Lindgren.
16:32 of 3rd period - Slapshot by Adam Ginning.
16:32 of 3rd period - Shot Misses the Net.
16:34 of 3rd period - Wrist shot by Dominic Toninato.
16:34 of 3rd period - Shot Misses the Net.
16:36 of 3rd period - Snap shot by Lucas Edmonds.
16:36 of 3rd period - Stopped by Craig Anderson with a rebound.
16:38 of 3rd period - Slapshot by Jamie Drysdale.
16:38 of 3rd period - Shot Blocked by Brendan Smith.
16:40 of 3rd period - Snap shot by Lucas Edmonds.
16:40 of 3rd period - Deflect By Cole Reinhardt.
16:40 of 3rd period - Shot Misses the Net.
16:40 of 3rd period - Puck is out of play.
16:41 of 3rd period - Kevin Stenlund wins face-off versus Damien Giroux in Rock Island Raccoons zone.
16:53 of 3rd period - Minor Penalty to Kevin Stenlund for Hooking.
16:54 of 3rd period - Jujhar Khaira wins face-off versus Adam Erne in Sarnia Sailors zone.
16:58 of 3rd period - Slapshot by Jujhar Khaira.
16:58 of 3rd period - Goal by Jujhar Khaira - Rock Island Raccoons : 5 - Sarnia Sailors : 5.
16:59 of 3rd period - Damien Giroux wins face-off versus Dominic Toninato in neutral zone.
17:02 of 3rd period - Slapshot by Ryan Lindgren.
17:02 of 3rd period - Shot Misses the Net.
17:04 of 3rd period - Slapshot by Ryan Lindgren.
17:04 of 3rd period - Stopped by Remi Poirier with a rebound.
17:06 of 3rd period - Snap shot by Jujhar Khaira.
17:06 of 3rd period - Stopped by Remi Poirier with a rebound.
17:08 of 3rd period - Snap shot by Damien Giroux.
17:08 of 3rd period - Stopped by Remi Poirier with a rebound.
17:10 of 3rd period - Slapshot by Ryan Lindgren.
17:10 of 3rd period - Shot Misses the Net.
17:12 of 3rd period - Wrist shot by Brendan Smith.
17:12 of 3rd period - Stopped by Remi Poirier with a rebound.
17:14 of 3rd period - Snap shot by Ryan Lindgren.
17:14 of 3rd period - Shot Misses the Net.
17:24 of 3rd period - Brendan Smith is hit by Keegan Kolesar and loses puck.
17:33 of 3rd period - Wrist shot by Tuukka Tieksola.
17:33 of 3rd period - Shot Blocked by Vasily Podkolzin.
18:04 of 3rd period - Minor Penalty to Tristen Nielsen for Charging.
18:05 of 3rd period - Kevin Stenlund wins face-off versus Jujhar Khaira in Sarnia Sailors zone.
18:11 of 3rd period - Icing by Ryan Lindgren.
18:12 of 3rd period - Jujhar Khaira wins face-off versus Kevin Stenlund in Rock Island Raccoons zone.
18:12 of 3rd period - Jujhar Khaira is hit by Declan Chisholm.
18:37 of 3rd period - Snap shot by Craig Smith.
18:37 of 3rd period - Shot Blocked by Kevin Stenlund.
18:39 of 3rd period - Snap shot by Eric Robinson.
18:39 of 3rd period - Stopped by Remi Poirier with a rebound.
18:41 of 3rd period - Slapshot by Brendan Smith.
18:41 of 3rd period - Goal by Brendan Smith - Rock Island Raccoons : 6 - Sarnia Sailors : 5.
18:42 of 3rd period - Damien Giroux wins face-off versus Dominic Toninato in neutral zone.
18:45 of 3rd period - Cole Reinhardt is hit by Damien Giroux.
19:12 of 3rd period - Snap shot by Eric Robinson.
19:12 of 3rd period - Stopped by Remi Poirier without a rebound.
19:13 of 3rd period - Gord Dineen call a timeout for Sarnia Sailors.
19:13 of 3rd period - Tristen Nielsen wins face-off versus Jujhar Khaira in Sarnia Sailors zone.
19:13 of 3rd period - Tristen Nielsen is hit by Jujhar Khaira.
19:21 of 3rd period - Sarnia Sailors, Remi Poirier is pulled from the net.
19:21 of 3rd period - Wrist shot by Jack Rathbone.
19:21 of 3rd period - Shot Misses the Net.
19:23 of 3rd period - Snap shot by Tristen Nielsen.
19:23 of 3rd period - Stopped by Craig Anderson with a rebound.
19:27 of 3rd period - Snap shot by Vasily Podkolzin.
19:27 of 3rd period - Stopped by Craig Anderson with a rebound.
19:29 of 3rd period - Slapshot by Jamie Drysdale.
19:29 of 3rd period - Stopped by Craig Anderson without a rebound.
19:30 of 3rd period - Jujhar Khaira wins face-off versus Tristen Nielsen in Rock Island Raccoons zone.
19:43 of 3rd period - Snap shot by Vasily Podkolzin.
19:43 of 3rd period - Stopped by Craig Anderson with a rebound.
19:59 of 3rd period - Wrist shot by Vasily Podkolzin.
19:59 of 3rd period - Stopped by Craig Anderson with a rebound.
Goals for this period are 3 for Rock Island Raccoons vs 1 for Sarnia Sailors.
Shots for this period are 14 for Rock Island Raccoons vs 15 for Sarnia Sailors.
Back to the Top